 Dungeon Crawl Stone Soup version 0.30.1-11-g7821555f0a (webtiles) character file.

Game seed: 4261586870664121602

103068 karkarkar the Cleaver (level 16, -36/100 HPs)
             Began as a Gargoyle Earth Elementalist on Nov 20, 2023.
             Was a High Priest of Vehumet.
             Killed from afar by Nikola (63 damage)
             ... with an arc of chain lightning
             ... on level 2 of the Snake Pit on Jan 11, 2024.
             The game lasted 03:17:31 (32272 turns).

karkarkar the Cleaver (GrEE)                       Turns: 32272, Time: 03:17:32

Health: -36/100    AC: 33    Str: 16    XL:     16   Next: 35%
Magic:  1/30       EV: 11    Int: 29    God:    Vehumet [*****.]
Gold:   4115       SH:  7    Dex: 10    Spells: 5/36 levels left

rFire   + . .        a - +1 broad axe (flame)
rCold   + . .        w - +2 buckler {AC+3}
rNeg    + . .        Y - +4 ring mail of Parlour Games {Rampage Drain rElec Stlth+}
rPois   ∞            i - +2 hat
rElec   +            q - scarf {rC+ rF+}
rCorr   .            F - +2 pair of gloves {Str+3}
SInv    .            (no boots)
Will    +....        R - amulet of regeneration
Stlth   ++           m - +4 ring of protection
HPRegen 1.16/turn    U - +6 ring of intelligence
MPRegen 0.22/turn

%: rampage
@: flying, studying Ranged Weapons
A: sickness immunity, AC +12, big wings, negative energy resistance 1,
electricity resistance, torment resistance 1, petrification resistance
a: Renounce Religion


You were on level 2 of the Snake Pit.
You worshipped Vehumet.
Vehumet was extremely pleased with you.
You visited 5 branches of the dungeon, and saw 23 of its levels.
You also visited: Ossuary, Bailey and Volcano.

You collected 5165 gold pieces.
You spent 1050 gold pieces at shops.

Inventory:

Hand Weapons
 a - a +1 broad axe of flaming (weapon)
 b - a +2 flail of holy wrath
Missiles
 d - 25 poisoned darts
 I - 2 curare-tipped darts
 X - 17 boomerangs
Armour
 i - a +2 hat (worn)
 o - a +2 robe of willpower
 q - a scarf of resistance (worn)
 w - a +2 buckler of protection (worn)
 F - a +2 pair of gloves of strength (worn)
 G - a +3 leather armour of cold resistance
 Y - the +4 ring mail of Parlour Games (worn) {Rampage Drain rElec Stlth+}
   (You bought it in a shop on level 2 of the Orcish Mines)

   rElec:     It insulates you from electricity.
   Drain:     It drains your maximum health when unequipped.
   Rampage:   It bestows one free step when moving towards enemies.
   Stlth:     It makes you more stealthy.
Jewellery
 m - a +4 ring of protection (left hand)
 A - a ring of see invisible
 R - an amulet of regeneration (around neck)
 U - a +6 ring of intelligence (right hand)
Wands
 p - a wand of digging (4)
 z - a wand of polymorph (13)
 C - a wand of iceblast (23)
 H - a wand of paralysis (16)
 L - a wand of flame (36)
 Z - a wand of mindburst (7)
Scrolls
 c - 9 scrolls of teleportation
 l - 3 scrolls of enchant armour
 n - 3 scrolls of blinking
 s - 3 scrolls of immolation
 u - 5 scrolls of fog
 y - 2 scrolls of silence
 D - a scroll of magic mapping
 E - a scroll of amnesia
 N - 3 scrolls of fear
 O - 2 scrolls of brand weapon
 P - a scroll of torment
 S - 2 scrolls of noise
 T - 2 scrolls of poison
Potions
 e - 4 potions of flight
 f - a potion of cancellation {unknown}
 g - 13 potions of curing
 h - 2 potions of berserk rage {unknown}
 j - 5 potions of might
 k - 4 potions of brilliance
 r - 3 potions of mutation
 t - a potion of heal wounds
 v - 4 potions of haste
 x - 4 potions of lignification
 B - 4 potions of attraction {unknown}
 J - 3 potions of invisibility
 Q - 4 potions of magic
 V - 2 potions of ambrosia {unknown}
 W - 4 potions of resistance {unknown}
Miscellaneous
 M - a phial of floods


   Skills:
 + Level 11.0 Fighting
 + Level 12.4(12.7) Axes
 + Level 4.6(9.9) Maces & Flails
 - Level 0.3 Throwing
 - Level 3.1 Armour
 - Level 3.2 Dodging
 - Level 2.5 Stealth
 - Level 7.9 Shields
 - Level 10.9 Spellcasting
 + Level 11.0 Conjurations
 - Level 1.0 Hexes
 + Level 5.2 Transmutations
 * Level 9.2 Fire Magic
 - Level 5.2 Ice Magic
 - Level 0.7 Air Magic
 - Level 12.1 Earth Magic
 - Level 0.5 Evocations


You had 5 spell levels left.
You knew the following spells:

 Your Spells              Type           Power      Damage    Failure   Level
a - Sandblast             Erth           100%       2d20      1%          1
b - Magic Dart            Conj           100%       1d8       1%          1
c - Stone Arrow           Conj/Erth      100%       3d13      1%          3
d - Passwall              Tmut/Erth      50%        N/A       1%          2
e - Inner Flame           Hex/Fire       45%        N/A       1%          3
f - Starburst             Conj/Fire      33%        6d10      5%          6
g - Freezing Cloud        Conj/Ice/Air   24%        6-21      6%          5
h - Iskenderun's Battles  Conj           69%        2d12      1%          5
i - Lee's Rapid Deconstr  Erth           36%        3d18*     1%          5

Your spell library contained the following spells:

 Spells                   Type           Power      Damage    Failure   Level
 Spellforged Servitor     Conj/Summ      24%        N/A       82%         7
 Kiss of Death            Conj/Necr      100%       2d13      1%          1
 Fireball                 Conj/Fire      33%        3d14      1%          5
 Petrify                  Tmut/Erth      61%        N/A       2%          4
 Irradiate                Conj/Tmut      29%        3d21      2%          5
 Arcjolt                  Conj/Air       25%        1d35      5%          5
 Lesser Beckoning         Tloc           30%        N/A       12%         2
 Confusing Touch          Hex            21%        N/A       16%         3
 Vhi's Electric Charge    Tloc/Air       34%        N/A       21%         3
 Olgreb's Toxic Radiance  Pois           15%        N/A       21%         4
 Gell's Gravitas          Tloc           15%        N/A       24%         3
 Teleport Other           Tloc           15%        N/A       24%         3
 Cause Fear               Hex            10%        N/A       45%         4
 Anguish                  Hex/Necr       9%         N/A       52%         4
 Dispel Undead            Necr           15%        3d10      61%         4
 Orb of Destruction       Conj           34%        9d10      17%         7
 Conjure Ball Lightning   Conj/Air       25%        3x3d7     26%         6
 Ignition                 Fire           31%        3d10      93%         8
 Dispersal                Tloc           7%         N/A       100%        6
 Enfeeble                 Hex            10%        N/A       100%        7
 Discord                  Hex            10%        N/A       100%        8
 Maxwell's Capacitive Co  Air            9%         ∞         100%        8
 Sublimation of Blood     Necr           Unusable   N/A       N/A         2

Dungeon Overview and Level Annotations

Branches:
Dungeon (13/15)            Temple (1/1) D:5            Lair (5/5) D:11
  Swamp (0/4) Lair:3        Snake (2/4) Lair:3        Slime (0/5) Lair:4
    Orc (2/2) D:9             Elf (0/3) Orc:2       Ossuary (visited)
 Bailey (visited)         Volcano (visited)
 Vaults: D:13-14

Altars:
Ashenzari
Cheibriados
Dithmenos
Elyvilon
Fedhas
Gozag
Hepliaklqana
Kikubaaqudgha
Makhleb
Nemelex Xobeh
Okawaru
Qazlal
Ru
Sif Muna
Trog
Uskayaw
Vehumet
Wu Jian
Xom
Yredelemnul
Zin
The Shining One
Jiyva

Shops:
Orc:2 [**=

Annotations:
D:12 2 transporters
Snake:2 Louise, Nikola


Innate Abilities, Weirdness & Mutations

You are immune to sickness and miasma.
Your stone body is resilient. (AC +12)
You are immune to poison.
Your large and strong wings let you fly.
You resist negative energy. (rN+)
You are resistant to electric shocks. (rElec)
You are resistant to unholy torment.
You are immune to petrification.


Message History

The naga warrior dies!
You hear an angry hiss.
You feel much better. Nikola hits you but does no damage.
You closely miss Nikola.
Nikola is heavily wounded.
Nikola hits you but does no damage.
You barely miss Nikola.
Nikola is heavily wounded.
Nikola points at you and mumbles some strange words.
The bolt of lightning hits you. You resist.
You closely miss Nikola.
Nikola is heavily wounded.
Nikola hits you with a +4 rapier of electrocution!
The stone arrow hits Nikola!
Nikola is severely wounded.
Nikola hits you but does no damage.
You slash Nikola! You burn Nikola!
Nikola is severely wounded.
Nikola gestures at you while chanting. The bolt of lightning hits you!
You resist.
You slice Nikola!! You burn Nikola.
Nikola is almost dead.
Nikola casts a spell.
Nikola blinks!
Nikola gestures wildly while chanting.
Nikola blinks!
Nikola gestures wildly while chanting.
Lightning arcs from Nikola's hands!
The bolt of lightning hits you!!! You resist.
Ouch! That really hurt!
* * * LOW HITPOINT WARNING * * *
A bolt of lightning appears from out of thin air!
The bolt of lightning hits Nikola!
You hear an angry hiss. x2
You feel much better.
Nikola gestures wildly while chanting.
Lightning arcs from Nikola's hands!
The bolt of lightning hits you!!! You resist.
Ouch! That really hurt!
You die...

### #########..#
#..........# #.>.☼.§....#
###############....§.....#
.<.........)..@...).......
###############.@.......$#
#......?##### #......##.##
.......## .# ...##.....##
.# ......###. .# #....##
## ## .....# ####....###


You could see Nikola.

Vanquished Creatures
  Rupert (Lair:5)
  Gastronok (Lair:2)
  Kirke (Lair:4)
  A nagaraja (Snake:1)
  Josephine (Lair:3)
  A yaktaur captain (D:11)
  2 vault guards (Bailey)
  2 anacondas (Snake:1)
  5 hydras
  A catoblepas (Lair:4)
  A centaur warrior (D:11)
  A ghost crab (Lair:3)
  Erica (D:11)
  3 two-headed ogres
  5 boulder beetles
  4 naga warriors
  12 death yaks
  2 naga sharpshooters
  3 shock serpents (Snake:1)
  A deep elf knight (D:11)
  Nergalle (Lair:2)
  Amaemon (Lair:2)
  A salamander mystic (Volcano)
  A deep elf archer (D:11)
  A spectral hydra (Lair:3)
  A lindwurm (Lair:5)
  A naga ritualist (Snake:1)
  3 orc knights (Orc:2)
  2 deep elf pyromancers (D:11)
  3 cyclopes
  3 mana vipers (Snake:1)
  2 ugly things (D:11)
  A manticore (D:12)
  6 salamanders
  The ghost of laqueoix the Cleaver, a novice MiFi (D:5)
  A naga mage (Snake:1)
  13 cane toads
  An orange demon (Lair:2)
  17 black mambas
  3 gargoyles
  A torpor snail (Lair:5)
  7 komodo dragons
  2 unseen horrors
  6 kobold demonologists
  6 rime drakes
  2 meliai
  6 trolls
  11 polar bears (Lair:5)
  Prince Ribbit (Bailey)
  14 blink frogs
  12 dream sheep
  2 spectral black mambas (Lair:3)
  4 water elementals (D:11)
  4 wraiths
  5 humans (Bailey)
  3 hogs (Lair:4)
  11 basilisks
  16 wyverns
  63 yaks
  10 nagas
  A spectral cane toad (Lair:3)
  An acid dragon (D:11)
  8 wargs
  17 hell hounds (Lair:5)
  Duvessa (D:5)
  15 water moccasins
  A spectral polar bear (Lair:3)
  A floating eye (shapeshifter) (D:11)
  36 orc warriors
  A sky beast (D:6)
  A swamp drake (D:9)
  14 black bears
  7 ogres
  A spectral blink frog (Lair:3)
  17 wolves
  23 centaurs
  2 phantoms
  Blork the orc (D:5)
  3 gnoll sergeants
  A kobold brigand (D:12)
  18 bullfrogs
  3 scorpions
  Dowan (D:5)
  18 killer bees
  2 howler monkeys (D:9)
  An electric eel (Lair:5)
  A vampire bat (D:4)
  A bullfrog zombie (Ossuary)
  3 centaur zombies (Ossuary)
  7 hounds
  7 jellies
  15 orc priests
  2 sleepcaps (D:5)
  24 orc wizards
  2 iguanas
  2 scorpion zombies (Ossuary)
  5 hell rats
  A mummy (Ossuary)
  Robin (D:2)
  8 gnolls
  7 adders
  2 white imps (D:6)
  An ufetubus (D:3)
  4 adder zombies (Ossuary)
  2 worms
  3 fire bats (D:4)
  92 orcs
  2 spectral bats (D:4)
  3 bat skeletons (D:4)
  A bat zombie (D:4)
  7 endoplasms
  10 giant cockroaches
  14 goblins
  7 hobgoblins
  2 quokkas
  7 ball pythons
  13 bats
  A bat simulacrum (D:4)
  2 frilled lizards
  5 gnoll zombies (Ossuary)
  4 hobgoblin zombies (Ossuary)
  6 kobolds
  3 orc zombies (Ossuary)
  3 rats
  A butterfly (Lair:5)
774 creatures vanquished.

Vanquished Creatures (others)
  A naga warrior (Snake:2)
  A mana viper (Snake:2)
  3 humans (Lair:4)
  A quokka (D:9)
6 creatures vanquished.

Grand Total: 780 creatures vanquished

Notes
Turn   | Place    | Note
-------+----------+-------------------------------------------
     0 | D:1      | karkarkar the Gargoyle Earth Elementalist began the quest
                  | for the Orb.
     0 | D:1      | Reached XP level 1. HP: 10/10 MP: 3/3
   230 | D:1      | Reached XP level 2. HP: 10/15 MP: 1/5
   701 | D:2      | Found a faded altar of an unknown god.
   806 | D:2      | Reached XP level 3. HP: 19/19 MP: 4/6
  1218 | D:2      | Found a bloodstained altar of Trog.
  1441 | D:2      | Noticed Robin
  1452 | D:2      | Reached XP level 4. HP: 20/24 MP: 2/7
  1526 | D:2      | Killed Robin
  1687 | D:3      | Found an ancient bone altar of Kikubaaqudgha.
  2038 | D:3      | Reached skill level 1 in Fighting
  2170 | D:3      | Found a stormy altar of Qazlal.
  2187 | D:3      | Found a basalt altar of Yredelemnul.
  2190 | D:3      | Found a shimmering altar of Xom.
  2191 | D:3      | Found a shimmering blue altar of Sif Muna.
  2793 | D:4      | Reached XP level 5. HP: 29/29 MP: 7/9
  2840 | D:4      | Reached skill level 1 in Maces & Flails
  2844 | D:4      | Reached skill level 1 in Axes
  2847 | D:4      | Reached skill level 5 in Earth Magic
  2971 | D:4      | Noticed an ogre
  3211 | D:4      | Noticed a phantom
  3215 | D:4      | Killed a phantom
  3216 | D:4      | Reached XP level 6. HP: 35/35 MP: 7/11
  3655 | D:4      | Reached XP level 7. HP: 34/40 MP: 7/12
  3786 | D:5      | Entered Level 5 of the Dungeon
  4021 | D:5      | Found a runed translucent gate.
  4024 | D:5      | Found an iron altar of Okawaru.
  4029 | D:5      | Found a staircase to the Ecumenical Temple.
  4090 | D:5      | Noticed Blork the orc
  4128 | D:5      | Killed Blork the orc
  4129 | D:5      | Reached XP level 8. HP: 46/46 MP: 9/15
  4205 | D:5      | Reached skill level 5 in Spellcasting
  4685 | D:5      | Found a runed translucent gate.
  4685 | D:5      | Noticed laqueoix's ghost (novice MiFi)
  4686 | D:5      | Found a runed translucent gate.
  4774 | D:5      | Noticed Duvessa
  4774 | D:5      | Noticed Dowan
  4809 | D:5      | Killed Duvessa
  4810 | D:5      | Killed Dowan
  4943 | Temple   | Entered the Ecumenical Temple
  4990 | Temple   | Became a worshipper of Vehumet
  5160 | D:6      | Found a sand-covered staircase.
  5167 | Ossuary  | Entered an ossuary
  5413 | Ossuary  | Reached * piety under Vehumet
  5413 | Ossuary  | Offered knowledge of Magic Dart by Vehumet.
  5416 | Ossuary  | Learned a level 1 spell: Magic Dart
  5448 | Ossuary  | Noticed a silent spectre
  5595 | D:6      | Reached skill level 1 in Transmutations
  5716 | D:6      | Reached XP level 9. HP: 52/52 MP: 12/18
  6390 | D:7      | Noticed an unseen horror
  6481 | D:7      | Found a flagged portal.
  6490 | Bailey   | Entered a bailey
  6557 | Bailey   | Reached skill level 1 in Conjurations
  6699 | Bailey   | Noticed Prince Ribbit
  6850 | Bailey   | Reached XP level 10. HP: 52/58 MP: 10/21
  6913 | Bailey   | Noticed a vault guard
  6928 | Bailey   | Killed Prince Ribbit
  6934 | Bailey   | Killed a vault guard
  6935 | Bailey   | Reached skill level 10 in Earth Magic
  6987 | Bailey   | Noticed a vault guard
  6996 | Bailey   | Killed a vault guard
  7101 | D:7      | Killed an unseen horror
  7101 | D:7      | Offered knowledge of Momentum Strike by Vehumet.
  7125 | D:7      | Learned a level 3 spell: Stone Arrow
  7125 | D:7      | Reached ** piety under Vehumet
  7273 | D:7      | Learned a level 2 spell: Passwall
  7328 | D:7      | Identified the +6 plate armour "Ilazyiti" {rElec Will+
                  | Regen+ SInv}
  7339 | D:7      | Found a sparkling altar of Nemelex Xobeh.
  8826 | D:9      | Noticed a two-headed ogre
  8956 | D:9      | Noticed a kobold demonologist
  9091 | D:9      | Found a staircase to the Orcish Mines.
  9125 | D:9      | Reached XP level 11. HP: 62/62 MP: 11/24
  9193 | D:9      | Offered knowledge of Scorch by Vehumet.
  9218 | D:9      | Reached skill level 5 in Fighting
  9716 | D:9      | Found a white marble altar of Elyvilon.
  9896 | D:9      | Reached *** piety under Vehumet
 10055 | D:9      | Noticed a two-headed ogre
 10064 | D:9      | Killed a two-headed ogre
 10373 | D:10     | Entered Level 10 of the Dungeon
 10377 | D:10     | Reached skill level 5 in Transmutations
 10467 | D:10     | Found a burning altar of Makhleb.
 11325 | D:11     | Noticed a two-headed ogre
 11393 | Orc:1    | Entered Level 1 of the Orcish Mines
 11410 | Orc:1    | Reached skill level 10 in Spellcasting
 11537 | Orc:1    | Offered knowledge of Inner Flame by Vehumet.
 12293 | Orc:1    | Learned a level 3 spell: Inner Flame
 12310 | Orc:2    | Entered Level 2 of the Orcish Mines
 12310 | Orc:2    | Noticed an orc knight
 12569 | Orc:2    | Reached **** piety under Vehumet
 12699 | Orc:1    | Offered knowledge of Olgreb's Toxic Radiance by Vehumet.
 12804 | Orc:1    | Reached skill level 1 in Armour
 12808 | Orc:1    | Reached skill level 1 in Fire Magic
 13174 | Orc:2    | Found a staircase to the Elven Halls.
 13249 | Orc:2    | Reached skill level 1 in Shields
 13974 | Orc:2    | Reached XP level 12. HP: 68/68 MP: 19/26
 14382 | Orc:2    | Reached ***** piety under Vehumet
 14547 | Orc:2    | Offered knowledge of Ozocubu's Refrigeration by Vehumet.
 14557 | Orc:2    | Reached skill level 1 in Hexes
 14696 | Orc:2    | Reached skill level 1 in Ice Magic
 15495 | Orc:2    | Found Mairohokh's Assorted Antiques.
 15495 | Orc:2    | Found Nyor Qim's Assorted Antiques.
 15497 | Orc:2    | Found Risug's Antique Armour Boutique.
 15499 | Orc:2    | Found Poteuci's Jewellery Emporium.
 15504 | Orc:2    | Bought a scroll of identify for 68 gold pieces
 15514 | Orc:2    | Bought a potion of heal wounds for 120 gold pieces
 15514 | Orc:2    | Bought a bronze ring mail for 216 gold pieces
 15514 | Orc:2    | Identified the +4 ring mail of Parlour Games {Rampage Drain
                  | rElec Stlth+} (You bought it in a shop on level 2 of the
                  | Orcish Mines)
 15525 | Orc:2    | Bought a scroll of teleportation for 102 gold pieces
 15680 | D:11     | Noticed a boulder beetle
 15689 | D:11     | Killed a boulder beetle
 16163 | D:11     | Killed a two-headed ogre
 16293 | D:11     | Noticed a deep elf knight
 16481 | D:11     | Killed a deep elf knight
 16790 | D:11     | Found a staircase to the Lair.
 16798 | D:11     | Reached skill level 5 in Shields
 16874 | D:11     | Noticed Erica
 16993 | D:11     | Noticed a yaktaur captain
 16999 | D:11     | Killed a yaktaur captain
 17004 | D:11     | Reached skill level 5 in Axes
 17044 | D:11     | Reached XP level 13. HP: 51/76 MP: 4/27
 17548 | D:11     | Reached skill level 5 in Ice Magic
 17561 | D:11     | an anaconda changed into a bunyip
 17561 | D:11     | Noticed a bunyip (glowing shapeshifter)
 17733 | D:11     | Offered knowledge of Starburst by Vehumet.
 17741 | D:11     | Learned a level 6 spell: Starburst
 18123 | D:11     | Identified the +5 scimitar of a treasure trove {flame, MP+9
                  | Dex+3}
 18154 | D:11     | Killed Erica
 18387 | D:12     | Found a transporter.
 18590 | D:12     | Found a transporter.
 18764 | D:12     | Found a transporter.
 18932 | D:12     | Identified a scroll of acquirement
 18933 | D:12     | Acquired 857 gold pieces
 18974 | D:12     | Found a transporter.
 19307 | D:12     | Found a transporter.
 19309 | D:12     | Found a transporter.
 20016 | Orc:2    | Bought a potion of haste for 340 gold pieces
 20016 | Orc:2    | Bought a scroll labelled MOECOMN BAWOMA for 34 gold pieces
 20016 | Orc:2    | Bought a potion of heal wounds for 170 gold pieces
 20127 | Lair:1   | Entered Level 1 of the Lair of Beasts
 20197 | Lair:1   | Reached skill level 5 in Conjurations
 21524 | Lair:2   | Noticed Nergalle
 21530 | Lair:2   | Killed Nergalle
 21531 | Lair:2   | Reached skill level 5 in Fire Magic
 21534 | Lair:2   | Noticed Gastronok
 21578 | Lair:2   | Killed Gastronok
 21579 | Lair:2   | Gained mutation: Your large and strong wings let you fly.
                  | [Gargoyle growth]
 21579 | Lair:2   | Reached XP level 14. HP: 44/84 MP: 12/28
 21710 | Lair:2   | Offered knowledge of Freezing Cloud by Vehumet.
 21718 | Lair:2   | Learned a level 5 spell: Freezing Cloud
 21822 | Lair:2   | Noticed Amaemon
 21840 | Lair:2   | Killed Amaemon
 21948 | Lair:2   | You are sucked into a shaft and drop 1 floor!
 23237 | Lair:3   | Noticed Josephine
 23244 | Lair:3   | Killed Josephine
 23878 | Lair:3   | Found a staircase to the Swamp.
 23936 | Lair:3   | Found a staircase to the Snake Pit.
 24495 | D:5      | Killed laqueoix's ghost
 25597 | Lair:4   | Found a staircase to the Slime Pits.
 25597 | Lair:4   | Found a viscous altar of Jiyva.
 25597 | Lair:4   | Noticed Kirke
 25674 | Lair:4   | Learned a level 5 spell: Iskenderun's Battlesphere
 25682 | Lair:4   | Found a dark tunnel.
 25689 | Volcano  | Entered a volcano
 26021 | Lair:4   | Offered knowledge of Lee's Rapid Deconstruction by Vehumet.
 26172 | Lair:3   | Learned a level 5 spell: Lee's Rapid Deconstruction
 26189 | Lair:4   | Reached XP level 15. HP: 90/90 MP: 22/29
 26354 | Lair:4   | Killed Kirke
 26645 | Lair:4   | Reached skill level 10 in Axes
 27326 | Lair:5   | Entered Level 5 of the Lair of Beasts
 27342 | Lair:5   | Noticed Rupert
 27873 | Lair:5   | Paralysed by Rupert for 3 turns
 27888 | Lair:5   | HP: 3/91 [Rupert/+0 heavy great sword (41)]
 28036 | Lair:5   | Killed Rupert
 28599 | Lair:5   | Reached skill level 10 in Fighting
 28720 | Lair:5   | Reached skill level 10 in Conjurations
 28777 | Lair:5   | Acquired 999 gold pieces
 29031 | Lair:5   | Offered knowledge of Spellforged Servitor by Vehumet.
 29952 | Snake:1  | Entered Level 1 of the Snake Pit
 30048 | Snake:1  | Noticed a nagaraja
 30053 | Snake:1  | Killed a nagaraja
 30308 | Snake:1  | Reached XP level 16. HP: 98/98 MP: 22/30
 31061 | Snake:1  | Acquired 485 gold pieces
 32139 | Snake:2  | Noticed Louise
 32251 | Snake:2  | Noticed Nikola
 32271 | Snake:2  | HP: 4/100 [Nikola/arc of chain lightning (61)]
 32272 | Snake:2  | Killed from afar by Nikola

Illustrated notes

Levels and vault maps discovered:
D:1:      minmay_arrival_split_and_join, layout_rooms, grunt_decor_mini_mirrors,
          grunt_decor_cap
D:2:      minmay_roachtagon, layout_basic, basic_altar, basic_ecumenical_altar,
          uniq_robin
D:3:      layout_loops_cross, nicolae_overflow_hidden_temple, minitemple,
          nicolae_eternal_life, minivault_14
D:4:      layout_basic, minmay_crystal_room, serial_bayou_pond_e, goddamned_bats
D:5:      layout_gridville, okawaru_trees_1, minmay_temple_entry_arrows,
          biasface_ghost_orc_armoury, minmay_misc_feat_alley, uniq_duvessa,
          uniq_blork_the_orc
D:6:      layout_loops_cross, nicolae_ossuary_entry_plus, minmay_curled_crystal,
          grunt_tough_drop
D:7:      layout_basic, nemelex_xobeh_ov_fountains_minmay, enter_bailey_2,
          minmay_fractal_squares_5
D:8:      layout_basic
D:9:      layout_gridville, elyvilon_altar_4, erik_orc_1, serial_bayou_crossing
D:10:     layout_loops_ring, mainiacjoe_overflow_alcove_4
D:11:     minmay_chopped_fan, layout_cave_pools, minmay_lair_entry_grove,
          nicolae_underground_beach, uniq_erica
D:12:     layout_loops_ring, serial_nicolae_subway, nicolae_sub_station_metal,
          nicolae_sub_station_crystal, nicolae_sub_station_stone
D:13:     layout_irregular_city, david_vaults_1, uniq_urug, uniq_erolcha
Temple:   cyrus_circular_temple
Lair:1:   layout_chaotic_city
Lair:2:   layout_regular_city, eino_small_chamber_without_monster,
          grunt_forest_small_clearing_treed, uniq_gastronok, uniq_amaemon,
          uniq_nergalle
Lair:3:   layout_layer_cave, nicolae_swamp_entry_spooky,
          guppyfry_snake_entry_island, st_stairs_8,
          grunt_forest_small_clearings, uniq_josephine
Lair:4:   layout_roguey [special_room_mythical_zoo],
          nicolae_slime_entry_slimehenge, enter_volcano_2, uniq_kirke
Lair:5:   hangedman_lair_caniforms_friends, layout_layer_cave,
          serial_bayou_shore_a, grunt_megastairs_4, lemuel_fruit_fields,
          uniq_rupert
Snake:1:  layout_basic, grunt_megastairs_3
Snake:2:  layout_rooms, uniq_nikola, uniq_louise
Orc:1:    layout_caves, nicolae_orc_crystal_geode
Orc:2:    st_orc_rangers, layout_diamond_mine

Skill      XL: |  1  2  3  4  5  6  7  8  9 10 11 12 13 14 15 16 |
---------------+-------------------------------------------------+-----
Earth Magic    | 4 5 6 8 9 11 12 | 12.1
Fighting       | 1 2 3 4 5 6 8 9 10 11 | 11.0
Maces & Flails | 1 2 3 4 |  4.6
Axes           | 1 2 5 7 9 11 12 | 12.4
Dodging        | 2 3 |  3.2
Spellcasting   | 3 4 6 7 9 10 | 10.9
Transmutations | 1 3 4 5 |  5.2
Conjurations   | 1 2 6 9 10 11 | 11.0
Armour         | 2 3 |  3.1
Fire Magic     | 2 3 5 7 8 9 |  9.2
Shields        | 1 5 7 |  7.9
Hexes          | 1 |  1.0
Ice Magic      | 4 5 |  5.2
Throwing       | |  0.3
Stealth        | |  2.5
Air Magic      | |  0.7
Evocations     | |  0.5

Action                     |  1- 3 |  4- 6 |  7- 9 | 10-12 | 13-15 | 16-18 || total
---------------------------+-------+-------+-------+-------+-------+-------++-------
  Melee: Unarmed           |    45 |       |       |       |       |       ||    45
         Hand axe          |    12 |       |       |       |       |       ||    12
         Whip              |     3 |    65 |   103 |       |       |       ||   171
         Punch             |       |       |     3 |       |       |       ||     3
         Flail             |       |       |    15 |   120 |       |       ||   135
         Broad axe         |       |       |       |    69 |   716 |   118 ||   903
  Throw: Dart              |    11 |     2 |     2 |    12 |    26 |       ||    53
         Boomerang         |       |       |       |     4 |     2 |       ||     6
         Javelin           |       |       |       |       |     3 |       ||     3
   Cast: Sandblast         |    48 |    46 |   181 |    37 |     9 |       ||   321
         Magic Dart        |       |       |    22 |   146 |    60 |     1 ||   229
         Stone Arrow       |       |       |       |   371 |   481 |    48 ||   900
         Inner Flame       |       |       |       |     9 |     3 |       ||    12
         Freezing Cloud    |       |       |       |       |    25 |    10 ||    35
         Iskenderun's Batt |       |       |       |       |     6 |       ||     6
         Lee's Rapid Decon |       |       |       |       |    12 |     2 ||    14
         Starburst         |       |       |       |       |    14 |     5 ||    19
  Evoke: Wand              |       |     8 |     7 |     3 |     1 |       ||    19
    Use: Scroll            |     1 |       |     6 |    15 |    15 |     2 ||    39
         Potion            |       |       |     2 |     2 |     7 |     2 ||    13
   Stab: Sleeping          |       |       |     2 |       |       |     2 ||     4
         Distracted        |       |       |       |       |     1 |       ||     1
 Armour: Robe              |    38 |    63 |   154 |   155 |       |       ||   410
         Leather armour    |       |       |       |   185 |       |       ||   185
         Ring mail         |       |       |       |    10 |   712 |    66 ||   788
  Dodge: Dodged            |    76 |    65 |   191 |   412 |   552 |    52 ||  1348
  Block: Buckler           |       |       |       |   122 |   431 |    41 ||   594
